 Dungeon Crawl Stone Soup version 0.29-a0-872-g797fff5ad1 (webtiles) character file.

Game seed: 13769028011495876918

27 Spectrina the Cudgeller (level 3, -9/29 HPs)
             Began as a Human Monk on July 18, 2022.
             Was a Believer of Elyvilon.
             Mangled by an orc warrior
             ... wielding a +0 flail
              (20 damage)
             ... on level 4 of the Dungeon on July 19, 2022.
             The game lasted 00:08:21 (527 turns).

Spectrina the Cudgeller (Human Monk)                 Turns: 527, Time: 00:08:21

Health: -9/29      AC:  2    Str: 13    XL:     3   Next: 25%
Magic:  3/3        EV: 13    Int: 10    God:    Elyvilon [**....]
Gold:   115        SH:  0    Dex: 15    Spells: 2/2 levels left

rFire   . . .      SeeInvis .   a - +0 mace
rCold   . . .      Faith    .   (no shield)
rNeg    . . .      Spirit   .   b - +0 robe
rPois   .          Reflect  .   (no helmet)
rElec   .          Harm     .   (no cloak)
rCorr   .          Rampage  .   (no gloves)
Will    .....                   (no boots)
Stlth   +.........              (no amulet)
HPRegen 0.09/turn               (no ring)
MPRegen 0.08/turn               (no ring)

@: confused, ambrosia-drunk
A: no striking features
a: Renounce Religion, Purification, Heal Other


You were on level 4 of the Dungeon.
You worshipped Elyvilon.
Elyvilon was pleased with you.
You visited 2 branches of the dungeon, and saw 5 of its levels.

You collected 115 gold pieces.

Inventory:

Hand Weapons
 a - a +0 mace (weapon)
Armour
 b - a +0 robe (worn)
Wands
 o - a wand of iceblast (4)
Scrolls
 d - a scroll of magic mapping {unknown}
 f - a scroll of identify {unknown}
 k - a scroll of summoning {unknown}
 m - 2 scrolls of teleportation {unknown}
 n - a scroll of enchant weapon {unknown}
 p - a scroll of brand weapon {unknown}
Potions
 e - a potion of curing {unknown}
 g - a potion of degeneration {unknown}
 h - a potion of heal wounds {unknown}
 i - a potion of attraction {unknown}
 j - a potion of berserk rage {unknown}
 l - a potion of flight {unknown}


   Skills:
 - Level 3.0 Fighting
 + Level 3.8 Maces & Flails
 - Level 3.0 Dodging
 + Level 2.7 Stealth


You had 2 spell levels left.
You didn't know any spells.
Your spell library was empty.

Dungeon Overview and Level Annotations

Branches:
Dungeon (4/15)             Temple (1/1) D:4

Altars:
Ashenzari
Dithmenos
Elyvilon
Fedhas
Gozag
Hepliaklqana
Kikubaaqudgha
Makhleb
Nemelex Xobeh
Okawaru
Ru
Sif Muna
Trog
Uskayaw
Vehumet
Xom
Yredelemnul
Zin
The Shining One


Message History

The orc wizard casts a spell at you. The puff of flame hits you!
The adder hisses angrily.
The adder closely misses you.
You completely miss the adder. The adder misses you.
You barely miss the adder. The adder barely misses you.
You barely miss the adder. The adder barely misses you. The adder misses you.
You miss the adder. The orc wizard barely misses you.
The adder barely misses you.
You hit the adder.
The adder is lightly wounded.
The adder bites you. The orc warrior closely misses you. The adder misses you.
Unknown command.
Press: ? - help, Dir - move target, f - adder Heal: an adder (lightly wounded, chance to pacify: 39%) Unknown command.
You hit the adder but do no damage.
The adder is lightly wounded.
The adder bites you but does no damage.
The orc warrior hits you with a +0 flail!
* * * LOW HITPOINT WARNING * * *
The adder bites you.
* * * LOW HITPOINT WARNING * * *
Unknown command.
Press: ? - help, Dir - move target, f - orc warrior Heal: an orc warrior, wielding a +0 flail and wearing a +0 plate armour (uninterested)
The orc warrior would be completely unfazed by your meagre offer of peace.
Unknown command.
Unknown command.
Unknown command.
Unknown command.
You are confused.
You feel invigorated. The orc warrior barely misses you.
The adder closely misses you.
Unknown command.
You hit the adder but do no damage.
The adder is lightly wounded.
The orc warrior hits you with a +0 flail!!
Ouch! That really hurt!
You die... .# .# ###+### #o## #.....# .oo

#.....# .o
###.....###.#
#o'..o..'.#.#
#o#...o.#...#
#@#.....###.#
##S#.....# .#
##..#######
.#
#.<.......#
.#
#..........?
..
#.##.######.
.. #. #.# ..
# #.# #.#


You could see an orc warrior, an orc wizard and an adder.

Vanquished Creatures
  3 endoplasms
  A giant cockroach (D:2)
  2 goblins (D:1)
  2 hobgoblins (D:1)
  2 jackals (D:4)
  A quokka (D:3)
  A ball python (D:1)
  3 bats
  A kobold (D:3)
  10 rats
26 creatures vanquished.

Notes
Turn   | Place    | Note
-------+----------+-------------------------------------------
     0 | D:1      | Spectrina the Human Monk began the quest for the Orb.
     0 | D:1      | Reached XP level 1. HP: 18/18 MP: 1/1
   122 | D:2      | Reached XP level 2. HP: 20/24 MP: 2/2
   267 | D:1      | Reached XP level 3. HP: 15/29 MP: 3/3
   383 | D:4      | Found a staircase to the Ecumenical Temple.
   393 | Temple   | Entered the Ecumenical Temple
   465 | Temple   | Upgraded the game from 0.29-a0-870-g2c972031a6 to
                  | 0.29-a0-872-g797fff5ad1
   481 | Temple   | Became a worshipper of Elyvilon the Healer
   481 | Temple   | Reached * piety under Elyvilon
   481 | Temple   | Reached ** piety under Elyvilon
   508 | D:4      | Noticed an orc warrior
   527 | D:4      | Mangled by an orc warrior

Illustrated notes

Levels and vault maps discovered:
D:1:      minmay_arrival_up_and_down, layout_rooms,
          hellmonk_ecumenical_altar_heavens_door, minmay_rat_gold_closets
D:2:      layout_rooms, minmay_curled_crystal
D:3:      layout_rooms
D:4:      layout_loops_ring, temple_green
Temple:   nicolae_temple_bog_church

Action                   || total
-------------------------++-------
Melee: Mace              ||    61
  Use: Potion            ||     1
 Stab: Sleeping          ||     5
       Distracted        ||     1
Armor: Robe              ||     6
Dodge: Dodged            ||    44

Table legend: (Time is in decaauts)
 A = Elapsed time spent in this place.
 B = Non-inter-level travel time spent in this place.
 C = Inter-level travel time spent in this place.
 D = Time resting spent in this place.
 E = Time spent auto-exploring this place.
 F = Levels seen in this place.
 G = Mean time per level.
                   A        B        C        D        E       F      G
               +--------+--------+--------+--------+--------+-----+--------+
         Total |    542 |    494 |     48 |      0 |      0 |   5 |  108.4 |
       Dungeon |    433 |    420 |     13 |      0 |      0 |   4 |  108.2 |
        Temple |    109 |     74 |     35 |      0 |      0 |   1 |  109.0 |
               +--------+--------+--------+--------+--------+-----+--------+

Top non-repeatable levels by time:
     D:1: 192 daAuts
     D:2: 139 daAuts
  Temple: 109 daAuts
     D:3: 56 daAuts
     D:4: 45 daAuts
